AoeStats
← BYoooo

Arabian Desert

510614946Analyzed
1v1 RM · 1d ago on Oct 1, 2026· 39m 27s· 2 players
Game mode
Random Map
Map size
Tiny (2 player)
Population
200
Speed
Normal
Resources
Standard
Victory
Conquest
Starting age
Dark Age
Ending age
Imperial Age
RankedLock teamsTeams togetherTeam positionsShared explorationLock speedFull tech treeHidden civsTurbo modeCheats
Victory
Defeat
🇩🇪 Franks · Germany
707
+17
🇺🇸 Britons · United States
726
-43
BYoooo
10:40 Feudal Age
11:06 Double-Bit Axe
18:09 Castle Age
16:11 Loom
19:01 Bow Saw
19:13 Pikeman
21:38 Stone Mining
25:06 Husbandry
25:07 Gold Mining
25:57 Wheelbarrow
27:29 Scale Barding Armor
29:06 Forging
29:17 Chain Barding Armor
29:39 Gold Shaft Mining
29:35 Hand Cart
29:08 Town Watch
31:23 Iron Casting
35:29 Imperial Age
33:02 Town Patrol
37:20 Plate Barding Armor
36:40 Cavalier
TripleB
9:50 Feudal Age
11:24 Double-Bit Axe
14:19 Horse Collar
15:30 Loom
19:14 Scale Mail Armor
24:28 Castle Age
25:27 Gold Mining
26:11 Heavy Plow
26:58 Wheelbarrow
26:47 Stone Mining
26:56 Fletching
29:55 Bow Saw
32:03 Bodkin Arrow
33:04 Hand Cart
34:33 Ballistics
35:17 Padded Archer Armor
38:47 Imperial Age
38:02 Yeomen
37:08 Pikeman
Connection lost

Rejoining the realm…

Still unreachable

The connection could not be restored.

Session expired

The server has moved on; the page needs a fresh start.